 Dungeon Crawl Stone Soup version 0.32-a0-876-gcfddb08e57 (webtiles) character file.

Game seed: 8732506481522075195

424 timneilson the Ruffian (level 6, -5/41 HPs)
             Began as an Octopode Shapeshifter on Apr 1, 2024.
             Slain by an orc
             ... wielding a +0 trident
              (6 damage)
             ... on level 6 of the Dungeon.
             The game lasted 00:08:47 (4578 turns).

timneilson the Ruffian (Octopode Shapeshifter)      Turns: 4578, Time: 00:08:48

Health: -5/41      AC:  1    Str: 15    XL:     6   Next: 96%
Magic:  6/6        EV: 13    Int: 13    God:
Gold:   292        SH:  0    Dex: 11    Spells: 5/5 levels left

rFire   . .          .
                       - Unarmed
rCold   . . .        (no shield)
rNeg    . . .        (helmet currently unavailable)
rPois   .            (no amulet)
rElec   .            (no ring)
rCorr   .            (no ring)
SInv    .            (no ring)
Will    .....        (no ring)
Stlth   +++          (no ring)
HPRegen 0.26/turn    (no ring)
MPRegen 0.10/turn    (no ring)
                     (no ring)

%: no passive effects
@: beast-form, mesmerised
A: beast (slay +2), almost no armour, amphibious, 8 rings, camouflage 1,
gelatinous body 1, (nimble swimmer 1), tentacles
a: Begin Untransformation


You were on level 6 of the Dungeon.
You were a hulking beast.
You visited 1 branch of the dungeon, and saw 7 of its levels.

You collected 292 gold pieces.

Inventory:

Armour
 e - a +0 hat of see invisible
Talismans
 b - a beast talisman (active)
 c - a flux talisman
Wands
 l - a wand of flame (21)
Scrolls
 g - a scroll of immolation
 i - a scroll of poison
 j - a scroll of teleportation
 k - a scroll of brand weapon
 m - 2 scrolls of fog
Potions
 a - 3 potions of lignification
 h - a potion of enlightenment
 n - a potion of brilliance


   Skills:
 + Level 2.5 Fighting
 * Level 3.9 Dodging
 + Level 3.0 Stealth
 * Level 4.6 Unarmed Combat
 * Level 4.3 Shapeshifting


You had 5 spell levels left.
You didn't know any spells.
Your spell library contained the following spells:

 Spells                   Type           Power      Damage    Failure   Level
 Fugue of the Fallen      Necr           0%         N/A       67%         3
 Ozocubu's Armour         Ice            0%         N/A       67%         3
 Manifold Assault         Tloc           0%         N/A       100%        7


Dungeon Overview and Level Annotations

Branches:
Dungeon (7/15)             Temple (0/1) D:5

Altars:
Trog

Annotations:
D:6 Jeremiah, Maggie


Innate Abilities, Weirdness & Mutations

You are a hulking beast.
Your limbs bulge with bestial killing power. (Slay +2)
You cannot wear most types of armour.
You are amphibious.
You can wear up to eight rings at the same time.
Your skin changes colour to match your surroundings (Stealth+).
Your rubbery body absorbs attacks. (AC +1, EV +1)
((You are camouflaged when in or above water. (Stealth+)))
You have tentacles for arms and can constrict up to eight enemies at once.


Message History

You kill the orc!
The adder bites you.
The orc hits you from afar with a +0 trident.
You tentacle-slap the adder. Your grab misses the adder.
The adder is heavily wounded.
The adder misses you.
The orc hits you from afar with a +0 trident.
The adder closely misses you.
You tentacle-slap the adder but do no damage.
Your grab misses the adder.
The adder is heavily wounded.
The orc hits you from afar with a +0 trident.
The adder barely misses you.
You tentacle-slap the adder. Your grab misses the adder.
The adder is severely wounded.
The adder bites you.
Maggie mumbles some strange words.
Maggie attempts to bespell you!
You are mesmerised by Maggie!
The orc hits you but does no damage.
You miss the adder. You grab the adder. You squeeze the adder.
You kill the adder!
The orc barely misses you.
Unknown command.
You tentacle-slap Maggie. You grab Maggie.
Maggie is lightly wounded.
You constrict Maggie. Maggie barely misses you. The orc barely misses you.
You tentacle-slap Maggie.
Maggie is lightly wounded.
You constrict Maggie. Maggie gestures at you while chanting.
The bolt of fire hits you! The orc barely misses you.
Unknown command.
You release your grip on Maggie.
Maggie hits you with a +1 long sword of flaming!
* * * LOW HITPOINT WARNING * * *
Maggie burns you.
* * * LOW HITPOINT WARNING * * *
The orc hits you with a +0 trident.
You die...

# ########### #.
#.........# #..
#.........#
#...#.........#
#........)....#
#.....h)......#
......o@.....).#
...............#
........)...>..+
.......###.....#
....... #.....#
....... #.....#
....... #.....#
..... #.....#


You could see Maggie (mesmerising) and an orc.

Vanquished Creatures
  A bombardier beetle (D:3)
  A hound (D:3)
  2 jellies (D:5)
  Natasha (thrice) (D:4)
  An iguana (D:5)
  Robin (D:2)
  9 adders
  2 ribbon worms
  5 dart slugs
  8 orcs
  6 endoplasms
  2 giant cockroaches
  9 goblins
  9 hobgoblins
  4 jackals
  2 quokkas
  9 ball pythons
  4 bats
  2 frilled lizards
  9 kobolds
  7 rats
96 creatures vanquished.

Notes
Turn   | Place    | Note
-------+----------+-------------------------------------------
     0 | D:1      | timneilson the Octopode Shapeshifter began the quest for
                  | the Orb.
     0 | D:1      | Reached XP level 1. HP: 13/13 MP: 1/1
    54 | D:1      | Reached XP level 2. HP: 10/18 MP: 2/2
   159 | D:1      | Reached XP level 3. HP: 5/23 MP: 3/3
   258 | D:1      | Reached skill level 1 in Stealth
  1017 | D:2      | Reached XP level 4. HP: 28/28 MP: 4/4
  1320 | D:2      | Identified the +10 hand axe "Ruazubey" {antimagic, rF+
                  | Int+2}
  1388 | D:2      | Noticed Robin
  1405 | D:2      | Killed Robin
  1952 | D:3      | Reached XP level 5. HP: 13/34 MP: 5/5
  2208 | D:3      | Found a bloodstained altar of Trog.
  2775 | D:4      | Noticed Natasha
  2779 | D:4      | Killed Natasha
  2780 | D:4      | Reached XP level 6. HP: 31/39 MP: 6/6
  2806 | D:4      | Noticed Natasha
  2821 | D:4      | Killed Natasha
  3421 | D:4      | Noticed Natasha
  3433 | D:4      | Killed Natasha
  4212 | D:5      | Entered Level 5 of the Dungeon
  4528 | D:5      | Found a staircase to the Ecumenical Temple.
  4529 | D:5      | You fall into a shaft and drop 2 floors!
  4563 | D:6      | Noticed Jeremiah
  4568 | D:6      | Noticed Maggie
  4578 | D:6      | HP: 2/41 [Maggie/+1 long sword of flaming (13)]
  4578 | D:6      | Slain by an orc

Illustrated notes

Levels and vault maps discovered:
D:1:      onia_arrival_mini_spirals, layout_rooms
D:2:      layout_loops_corners, palyth_stone_intersect, uniq_robin
D:3:      layout_basic, lemuel_coloured_pillars_altar, chequers_arboretum
D:4:      layout_layer_cave, uniq_natasha
D:5:      minmay_recursive_quarters, layout_basic,
          minmay_temple_entry_statues_pillars, nicolae_eternal_life,
          nicolae_goblin_pals, uniq_ijyb
D:6:      layout_basic, nicolae_uskayaw_dance_studio, overflow_temple_1_default,
          mainiacjoe_overflow_catwalk_spiral, uniq_maggie, uniq_menkaure,
          uniq_jeremiah
D:7:      gammafunk_wand_slinger, layout_basic, okawaru_altar_gauntlet_db,
          kennysheep_mini_moat

Skill      XL: |  1  2  3  4  5  6 |
---------------+-------------------+-----
Stealth        | 1 2 3 |  3.0
Dodging        | 3 |  3.9
Fighting       | 2 |  2.5
Unarmed Combat | 4 |  4.6
Shapeshifting  | 4 |  4.3

Action                     |  1- 3 |  4- 6 || total
---------------------------+-------+-------++-------
  Melee: Unarmed           |    72 |   110 ||   182
         Constrict         |    22 |    37 ||    59
         Tentacles         |     8 |    23 ||    31
         Punch             |     2 |     3 ||     5
    Use: Scroll            |     6 |     6 ||    12
   Stab: Sleeping          |     8 |    11 ||    19
 Armour: Skin              |    41 |    59 ||   100
  Dodge: Dodged            |    30 |    49 ||    79

Table legend: (Time is in decaauts)
 A = Elapsed time spent in this place.
 B = Non-inter-level travel time spent in this place.
 C = Inter-level travel time spent in this place.
 D = Time resting spent in this place.
 E = Time spent auto-exploring this place.
 F = Levels seen in this place.
 G = Mean time per level.
                   A        B        C        D        E       F      G
               +--------+--------+--------+--------+--------+-----+--------+
         Total |   4564 |   4471 |     93 |    560 |   3056 |   7 |  652.0 |
       Dungeon |   4564 |   4471 |     93 |    560 |   3056 |   7 |  652.0 |
               +--------+--------+--------+--------+--------+-----+--------+

Top non-repeatable levels by time:
     D:4: 1435 daAuts
     D:3: 1003 daAuts
     D:2: 990 daAuts
     D:1: 772 daAuts
     D:5: 315 daAuts
     D:7: 31 daAuts
     D:6: 15 daAuts
